 Dungeon Crawl Stone Soup version 0.31-a0-229-g1fc7ce9 (webtiles) character file.

Game seed: 5870567466373885155

32 Dawnplanks the Gusty (level 2, -4/20 HPs)
             Began as a Demigod Air Elementalist on July 6, 2023.
             Slain by Sigmund
             ... wielding a +0 scythe
              (9 damage)
             ... on level 2 of the Dungeon.
             The game lasted 00:01:18 (832 turns).

Dawnplanks the Gusty (Demigod Air Elementalist)      Turns: 832, Time: 00:01:19

Health: -4/20      AC:  3    Str:  9    XL:     2   Next: 93%
Magic:  1/7        EV: 12    Int: 17    God:
Gold:   45         SH:  0    Dex: 14    Spells: 2/5 levels left

rFire   . . .        (no weapon)
rCold   . . .        (no shield)
rNeg    . . .        a - +0 robe
rPois   .            (no helmet)
rElec   .            (no cloak)
rCorr   .            (no gloves)
SInv    .            c - +0 pair of boots
Will    .....        (no amulet)
Stlth   ++           (no ring)
HPRegen 0.23/turn    (no ring)
MPRegen 0.10/turn

%: no passive effects
@: no status effects
A: high MP 1, forlorn, divine attributes
a: no special abilities


You were on level 2 of the Dungeon.
You visited 1 branch of the dungeon, and saw 2 of its levels.

You collected 45 gold pieces.

Inventory:

Armour
 a - a +0 robe (worn)
 c - a +0 pair of boots (worn)
Jewellery
 f - an amulet of guardian spirit
Potions
 b - a potion of magic
 d - a potion of heal wounds {unknown}
 e - a potion of berserk rage {unknown}


   Skills:
 + Level 2.1 Dodging
 + Level 1.9 Stealth
 + Level 2.3 Spellcasting
 + Level 1.1 Conjurations
 + Level 3.1 Air Magic


You had 2 spell levels left.
You knew the following spells:

 Your Spells              Type           Power      Damage    Failure   Level
a - Shock                 Conj/Air       36%        1d5       8%          1
b - Static Discharge      Conj/Air       18%        2-3/arc   12%         2

Your spell library contained the following spells:

 Spells                   Type           Power      Damage    Failure   Level
 Poisonous Vapours        Pois/Air       14%        N/A       16%         2
 Swiftness                Air            12%        N/A       16%         3
 Mephitic Cloud           Conj/Pois/Air  6%         N/A       32%         3
 Airstrike                Air            6%         2d(1-17)  45%         4
 Inner Flame              Hex/Fire       1%         N/A       50%         3
 Freezing Cloud           Conj/Ice/Air   3%         6-21      96%         5
 Yara's Violent Unravell  Hex/Tmut       0%         3d3       99%         5
 Enfeeble                 Hex            0%         N/A       100%        7


Dungeon Overview and Level Annotations

Branches:
Dungeon (1/15)

Annotations:
D:2 Sigmund


Innate Abilities, Weirdness & Mutations

You have an increased reservoir of magic. (+10% MP)
You shall have no god before yourself.
Your divine heritage dramatically boosts your attributes as you level up.


Message History

The zap misses Sigmund.
Sigmund hits you from afar with a +0 scythe.
The zap misses Sigmund.
The zap hits Sigmund.
Sigmund is moderately wounded.
Sigmund barely misses you.
The zap hits Sigmund.
Sigmund is heavily wounded.
Sigmund hits you from afar with a +0 scythe!
* * * LOW HITPOINT WARNING * * *
You are too injured to fight recklessly!
You are too injured to fight recklessly!
Casting: Shock (safe; 8% risk of failure)
Confirm with . or Enter, or press ? or * to list all spells.
Aiming: Shock (safe; 8% risk of failure)
Press: ? - help, Shift-Dir - straight line, f/p - Sigmund
Aim: Sigmund, wielding a +0 scythe and wearing a +0 robe (heavily wounded, 64% to hit)
The zap misses Sigmund.
Casting: Shock (safe; 8% risk of failure)
Confirm with . or Enter, or press ? or * to list all spells.
Aiming: Shock (safe; 8% risk of failure)
Press: ? - help, Shift-Dir - straight line, f/p - Sigmund
Aim: Sigmund, wielding a +0 scythe and wearing a +0 robe (heavily wounded, 64% to hit)
The zap hits Sigmund.
Sigmund is heavily wounded.
Sigmund hits you from afar with a +0 scythe.
* * * LOW HITPOINT WARNING * * *
Found 2 stones.
Sigmund hits you with a +0 scythe.
* * * LOW HITPOINT WARNING * * *
You hit Sigmund.
Sigmund is severely wounded.
You hit Sigmund.
Sigmund is severely wounded.
Sigmund screams, "Don't try to resist!"
Sigmund casts a spell.
Sigmund flickers and vanishes!
Deactivating autopickup; reactivate with Ctrl-A.
You hit something. Something barely misses you.
You hit something. Something hits you!
You die...

#.##...#####.#.#
##.#.....####.#.#
..............#.#
####.(...######.#
####....## #.#
......#.## #.#
#.###..#.# ...
#.###.###..#.#
#.....{@...†.#
#..##.###..### (.
#..### ##....#
#....# .>...#
###.##.# ....#
#...##.# ...#
#.####.# #..# #.#
#)# # #..# #.#
#.#


There were no monsters in sight!

Vanquished Creatures
  An adder (D:2)
  3 endoplasms
  A giant cockroach (D:2)
  7 goblins
  2 hobgoblins (D:1)
  A ball python (D:1)
  2 bats
  2 frilled lizards
  2 rats (D:2)
21 creatures vanquished.

Notes
Turn   | Place    | Note
-------+----------+-------------------------------------------
     0 | D:1      | Dawnplanks the Demigod Air Elementalist began the quest for
                  | the Orb.
     0 | D:1      | Reached XP level 1. HP: 14/14 MP: 5/5
   294 | D:1      | Reached skill level 3 in Air Magic
   369 | D:1      | You fall into a shaft and drop 1 floor!
   396 | D:2      | Reached XP level 2. HP: 20/20 MP: 4/7
   685 | D:2      | Learned a level 2 spell: Static Discharge
   744 | D:2      | Reached skill level 1 in Conjurations
   756 | D:2      | Noticed Sigmund
   832 | D:2      | Slain by Sigmund

Illustrated notes

Levels and vault maps discovered:
D:1:      minmay_arrival_pointy, layout_basic, nrook_loot_triangle,
          kennysheep_nondescript
D:2:      layout_loops_ring, uniq_sigmund, uniq_crazy_yiuf_cottage, uniq_robin

Skill      XL: |  1  2 |
---------------+-------+-----
Dodging        | 2 |  2.1
Air Magic      | 3 |  3.1
Spellcasting   | 2 |  2.3
Conjurations   | 1 |  1.1
Stealth        | |  1.9

Action                     || total
---------------------------++-------
  Melee: Unarmed           ||    10
   Cast: Shock             ||    50
 Armour: Robe              ||     2
  Dodge: Dodged            ||    11

Table legend: (Time is in decaauts)
 A = Elapsed time spent in this place.
 B = Non-inter-level travel time spent in this place.
 C = Inter-level travel time spent in this place.
 D = Time resting spent in this place.
 E = Time spent auto-exploring this place.
 F = Levels seen in this place.
 G = Mean time per level.
                   A        B        C        D        E       F      G
               +--------+--------+--------+--------+--------+-----+--------+
         Total |    831 |    828 |      3 |      0 |    709 |   2 |  415.5 |
       Dungeon |    831 |    828 |      3 |      0 |    709 |   2 |  415.5 |
               +--------+--------+--------+--------+--------+-----+--------+

Top non-repeatable levels by time:
     D:2: 462 daAuts
     D:1: 369 daAuts
